Map: Lockdown LE

Players

Esamurai

  • Race: Terran Terran

A.I. 1 (Very Easy) - Winner!

  • Race: Protoss Protoss

VOD

Have the link to the VOD?

Description

Time

  • Played on: Sept. 21, 2026, 5:59 p.m.
  • Length: 5:17
Show
View Real Time Build Order
Export as new Build Order

Esamurai Terran 

Build Orders:  

Get SALT Encoding   

  8  0:00  SCV  
  9  0:12  SCV  
  10  0:24  SCV  
  11  0:36  Supply Depot, SCV  
  12  0:49  SCV  
  13  0:59  Barracks  
  13  1:01  SCV  
  14  1:13  SCV  
  15  1:25  SCV  
  16  1:37  SCV  
  17  1:50  Command Center  
  17  1:51  Orbital Command  
  17  1:53  Marine  
  18  2:04  Refinery  
  18  2:07  Supply Depot  
  18  2:11  Marine  
  19  2:19  Refinery, SCV  
  20  2:28  Marine  
  21  2:31  SCV  
  22  2:41  Barracks  
  22  2:45  SCV  
  23  2:52  Barracks Reactor  
  23  3:00  SCV  
  24  3:07  Factory  
  24  3:11  Orbital Command  
  25  3:12  SCV  
  25  3:24  Barracks  
  25  3:25  SCV  
  26  3:30  Barracks Tech Lab  
  26  3:31  Marine  
  27  3:34  Marine  
  27  3:38  SCV  
  29  3:42  SCV  
  30  3:55  SCV x2  
  32  3:58  Siege Tank  
  32  4:00  Barracks Tech Lab  
  35  4:07  SCV  
  36  4:13  Supply Depot  
  36  4:14  Barracks Reactor  
  36  4:18  SCV, Engineering Bay  
  36  4:22  Starport  
  36  4:23  SCV  
  38  4:30  SCV  
  39  4:32  Marine x3  
  42  4:44  Refinery  
  45  4:54  SCV x2  
  47  5:01  Refinery  
  47  5:05  Supply Depot  
  50  5:12  Supply Depot  
Show
View Real Time Build Order
Export as new Build Order

A.I. 1 (Very Easy) Protoss - Winner!

Build Orders:  

Get SALT Encoding   

  8  0:00  Probe  
  9  0:13  Probe  
  10  0:25  Probe  
  11  0:37  Probe  
  12  0:48  Pylon  
  12  0:49  Probe  
  13  1:02  Probe  
  13  1:05  Assimilator  
  13  1:11  Gateway  
  14  1:13  Pylon  
  14  1:42  Assimilator  
  14  1:52  Zealot, Probe  
  14  2:00  Probe  
  17  2:02  Cybernetics Core  
  18  2:10  Probe  
  19  2:22  Probe  
  20  2:29  Pylon  
  20  2:34  Probe  
  20  2:37  Warp Gate  
  21  2:46  Probe  
  22  2:59  Stalker  
Tags
 
Add a new tag
Caveats
  • Supply blocks, unpowered buildings, or Contaminate may cause inaccurate times.
  • Supply counts are checked every 10 seconds.